WCHLSIM.com - West Coast Hockey League
html PUBLIC "-//W3C//DTD XHTML 1.0 Transitional//EN" "http://www.w3.org/TR/xhtml1/DTD/xhtml1-transitional.dtd"> WCHL - Game 631 - NORTH DAKOTA HAWKS vs SPOKANE KNIGHTS

NORTH DAKOTA HAWKS vs SPOKANE KNIGHTS

Created - 10 janvier 2024 at 21:03

Goals
1 2 3 OT1 T
NORTH DAKOTA HAWKS 1 0 1 1 3
SPOKANE KNIGHTS 0 1 1 0 2
Shots
1 2 3 OT1 T
NORTH DAKOTA HAWKS 21 11 10 1 43
SPOKANE KNIGHTS 13 9 14 4 40

1st period

1. NORTH DAKOTA HAWKS , Nick Suzuki 27 (Reyley Smith 28, Cale Makar 22) at 6:05

Penalties :
Ryan Hartman (NDH) for Tripping (Minor) at 1:42, Jonas Siegenthaler (NDH) for Roughing (Minor) at 15:32

2nd period

2. SPOKANE KNIGHTS , Nicklas Backstrom 8 (Zach Parise 16, Nathan Beaulieu 4) at 3:46

Penalties :
Jonas Siegenthaler (NDH) for Goalie Interference (Minor) at 5:44, Reyley Smith (NDH) for Hooking (Minor) at 8:08

3rd period

3. SPOKANE KNIGHTS , Nicklas Backstrom 9 (Brady Tkachuk 29) at 6:37
4. NORTH DAKOTA HAWKS , Cale Makar 5 (Nick Suzuki 37, Jake DeBrusk 31) at 10:34 (PP)

Penalties :
Evan Bouchard (SPO) for Hooking (Minor) at 9:14, Reyley Smith (NDH) for Tripping (Minor) at 18:29

Overtime #1

5. NORTH DAKOTA HAWKS , Ryan Hartman 13 (Jake DeBrusk 32, Jonas Siegenthaler 8) at 2:36

Penalties :
No Penalty

Goalie Stats

Linus Ullmark (NDH), 38 saves from 40 shots - (0,950), W, 25-7-0, 62:37 minutes
Frederik Andersen (SPO), 40 saves from 43 shots - (0,930), OTL, 12-11-5, 62:37 minutes

Players Stats for NORTH DAKOTA HAWKS

Player Name              G  A  P  +/- PIM S  H  SB GA TA FO     MP     PP MP  PK MP  
------------------------------------------------------------------------------------
Cale Makar               1  1  2   1  0   2  3  2  0  0  0/0    23:43   0:28   1:46 
Dillon Dube              0  0  0   0  0   6  5  1  0  0  0/1    16:23   0:54   4:20 
Emil Bemstrom            0  0  0   0  0   1  1  0  0  0  1/3    11:09   0:00   0:00 
Erik Johnson             0  0  0  -1  0   3  1  1  0  0  0/0    21:24   0:00   4:12 
Frederick Gaudreau       0  0  0   0  0   1  0  0  0  0  8/24   15:55   0:26   4:20 
Garnet Hathaway          0  0  0   0  0   2  2  0  0  0  0/2    11:56   0:00   5:06 
Jack Hughes              0  0  0   0  0   3  0  0  0  0  5/21   16:16   0:26   0:00 
Jake DeBrusk             0  2  2   0  0   4  2  0  0  0  0/2    16:57   0:54   0:00 
Jason Robertson          0  0  0   0  0   4  0  1  0  0  1/1    17:46   0:26   0:00 
Jonas Siegenthaler       0  1  1   2  4   0  1  3  0  0  0/0    24:26   0:00   3:51 
Mathew Dumba             0  0  0  -1  0   1  1  0  0  0  0/0    17:43   0:00   5:40 
Nathan Walker            0  0  0   0  0   0  2  0  0  0  1/2     6:50   0:00   0:00 
Nick Blankenburg         0  0  0  -1  0   1  1  0  0  0  0/0    12:35   0:26   0:06 
Nick Suzuki              1  1  2  -1  0   6  1  0  0  0  13/23  17:49   0:54   0:00 
Nico Sturm               0  0  0   0  0   4  0  0  0  0  11/21  12:25   0:00   5:35 
Reyley Smith             0  1  1  -1  4   2  0  0  0  0  0/0    16:17   0:54   0:00 
Ryan Hartman             1  0  1   1  2   2  3  1  0  0  1/1    16:53   0:26   0:00 
Ryan Lindgren            0  0  0  -1  0   1  2  0  0  0  0/0    21:53   0:26   4:15 

Players Stats for SPOKANE KNIGHTS

Player Name              G  A  P  +/- PIM S  H  SB GA TA FO     MP     PP MP  PK MP  
------------------------------------------------------------------------------------
Brady Tkachuk            0  1  1   2  0   6  8  1  0  0  5/8    29:38   5:07   0:36 
Chad Ruhwedel            0  0  0  -1  0   2  0  0  0  0  0/0     7:04   2:11   0:00 
Corey Perry              0  0  0  -1  0   2  1  0  0  0  0/0    20:24   4:19   0:00 
Derek Grant              0  0  0  -2  0   5  1  1  0  0  21/33  22:28   4:19   0:44 
Derrick Pouliot          0  0  0   0  0   0  2  1  0  0  0/0    22:21   2:54   0:54 
Dominic Toninato         0  0  0   0  0   0  0  0  0  0  0/0     0:34   0:00   0:00 
Dryden Hunt              0  0  0   0  0   0  2  0  0  0  0/0     8:53   0:00   0:00 
Evan Bouchard            0  0  0   2  2   1  1  1  0  0  0/0    26:50   3:55   0:00 
Henri Nikkanen           0  0  0   0  0   0  0  0  0  0  0/0     1:43   0:39   0:00 
Jonathon Merrill         0  0  0   0  0   0  2  1  0  0  0/0    25:41   3:41   0:36 
Lias Andersson           0  0  0   0  0   0  0  0  0  0  0/0    12:47   0:00   0:00 
Nathan Beaulieu          0  1  1   0  0   1  0  2  0  0  0/0    23:32   4:53   0:26 
Nicklas Backstrom        2  0  2   1  0   5  0  0  0  0  17/29  19:24   5:07   0:44 
Quinton Byfield          0  0  0   0  0   2  0  0  0  0  4/12    8:53   0:00   0:00 
Shane Pinto              0  0  0   0  0   2  0  1  0  0  12/18  12:47   0:00   0:00 
Tucker Poolman           0  0  0   0  0   0  2  1  0  0  0/0    16:14   0:39   0:44 
Tyler Motte              0  0  0  -1  0   7  1  1  0  0  0/0    20:24   4:19   0:00 
Zach Parise              0  1  1   2  0   7  0  1  0  0  1/1    27:22   5:07   0:36 

3 Stars

1 - Cale Makar (NDH)
2 - Nicklas Backstrom (SPO)
3 - Linus Ullmark (NDH)

Power Play

NORTH DAKOTA HAWKS - 1 on 1 Attempt(s) - 100,00%
SPOKANE KNIGHTS - 0 on 5 Attempt(s) - 0,00%

Penalty Kill

NORTH DAKOTA HAWKS - 5 on 5 Attempt(s) - 100,00% - Score 0 goal in Penalty Kill
SPOKANE KNIGHTS - 0 on 1 Attempt(s) - 0,00% - Score 0 goal in Penalty Kill

Team Stat

NORTH DAKOTA HAWKS - Hits : 25 - Faceoff Wins : 41 - Blocked Shots : 9 - Penalty Minutes : 10
SPOKANE KNIGHTS - Hits : 20 - Faceoff Wins : 60 - Blocked Shots : 11 - Penalty Minutes : 2

Official

Referees : Jon McIsaac and Tim Mayer
Linesman : Michel Cormier and Steve Miller

Game Notes

Chad Ruhwedel is injured at 18:54 of 1st period (Strained Right Elbow)

Finance

Level 1 -- Attendance: 8350 (100,00%) -- Ticket Income 1 369 400 $
Level 2 -- Attendance: 6100 (100,00%) -- Ticket Income 756 400 $
Level 3 -- Attendance: 2400 (100,00%) -- Ticket Income 249 600 $
Level 4 -- Attendance: 5659 (94,32%) -- Ticket Income 362 176 $
Luxury Box -- Attendance: 1150 (100,00%) -- Ticket Income 356 500 $
Total Attendance: 23659 (98,58%)
Total Ticket Income: 3 094 076 $
Other Expense: 30 941 $
Total Income: 3 063 135 $

NORTH DAKOTA HAWKS

5 vs 5 Forward 
   Center                   Left Wing                Right Wing               Time % Phy DF OF 
 1 Jack Hughes              Jason Robertson          Ryan Hartman             31     0   2  3  
 2 Nick Suzuki              Jake DeBrusk             Reyley Smith             31     0   2  3  
 3 Frederick Gaudreau       Dillon Dube              Emil Bemstrom            23     0   4  1  
 4 Nico Sturm               Nathan Walker            Garnet Hathaway          15     0   5  0  

5 vs 5 Defense 
   Defense                  Defense                                           Time % Phy DF OF 
 1 Jonas Siegenthaler       Cale Makar                                        40     0   4  1  
 2 Ryan Lindgren            Erik Johnson                                      38     0   5  0  
 3 Mathew Dumba             Nick Blankenburg                                  12     0   5  0  
 4 Mathew Dumba             Nick Blankenburg                                  10     0   5  0  

PowerPlay Forward 
   Center                   Left Wing                Right Wing               Time % Phy DF OF 
 1 Nick Suzuki              Jake DeBrusk             Reyley Smith             65     1   0  4  
 2 Frederick Gaudreau       Jason Robertson          Ryan Hartman             35     1   0  4  

PowerPlay Defense
   Defense                  Defense                                           Time % Phy DF OF 
 1 Dillon Dube              Cale Makar                                        65     0   0  5  
 2 Jack Hughes              Nick Blankenburg                                  35     0   0  5  

Penalty Kill 4 Players Forward 
   Center                   Wing                     Time % Phy DF OF 
 1 Nico Sturm               Garnet Hathaway          55     0   4  1  
 2 Frederick Gaudreau       Dillon Dube              45     0   4  1  

Penalty Kill 4 Players Defense
   Defense                  Defense                  Time % Phy DF OF 
 1 Jonas Siegenthaler       Mathew Dumba             55     0   5  0  
 2 Ryan Lindgren            Erik Johnson             45     0   5  0  

Penalty Kill - 3 Players Forward 
   Forward                                           Time % Phy DF OF 
 1 Nico Sturm                                        55     0   5  0  
 2 Frederick Gaudreau                                45     0   5  0  

Penalty Kill - 3 Players Defense
   Defense                  Defense                  Time % Phy DF OF 
 1 Jonas Siegenthaler       Mathew Dumba             55     0   5  0  
 2 Ryan Lindgren            Erik Johnson             45     0   5  0  

4 vs 4 Forward 
   Center                   Wing                     Time % Phy DF OF 
 1 Jack Hughes              Jason Robertson          55     0   1  4  
 2 Nick Suzuki              Jake DeBrusk             45     0   1  4  

4 vs 4 Defense
   Defense                  Defense                  Time % Phy DF OF 
 1 Jonas Siegenthaler       Cale Makar               55     0   1  4  
 2 Ryan Lindgren            Erik Johnson             45     0   4  1  

Last Minutes Offensive
   Center                   Left Wing                Right Wing               Defense                  Defense                  
   Nick Suzuki              Jake DeBrusk             Reyley Smith             Jonas Siegenthaler       Cale Makar               

Last Minutes Defensive
   Center                   Left Wing                Right Wing               Defense                  Defense                  
   Nick Suzuki              Jake DeBrusk             Reyley Smith             Jonas Siegenthaler       Cale Makar               

Goaltenders
Starting : Linus Ullmark            
Backup : Scott Wedgewood          

Extra Forwards
Normal : Emil Bemstrom, Nico Sturm, Nathan Walker - PP : Emil Bemstrom, Nico Sturm - PK : Nick Suzuki
Extra Defensemen
Normal : Mathew Dumba, Erik Johnson, Nick Blankenburg - PP : Ryan Lindgren - PK : Cale Makar, Nick Blankenburg
Penalty Shots
Jack Hughes, Jason Robertson, Ryan Hartman, Nick Suzuki, Jake DeBrusk
Custom OT Lines Forwards
Jason Robertson, Nick Suzuki, Ryan Hartman, Jake DeBrusk, Reyley Smith, Frederick Gaudreau, Jack Hughes, Nico Sturm, Emil Bemstrom, Dillon Dube
Custom OT Lines Defensemen
Cale Makar, Jonas Siegenthaler, Ryan Lindgren, Erik Johnson, Mathew Dumba

Scratches
Alex Belzile (Strained Right Knee Injury), Ben Hutton (Healthy)

SPOKANE KNIGHTS

5 vs 5 Forward 
   Center                   Left Wing                Right Wing               Time % Phy DF OF 
 1 Nicklas Backstrom        Brady Tkachuk            Zach Parise              36     1   2  2  
 2 Derek Grant              Tyler Motte              Corey Perry              31     1   2  2  
 3 Shane Pinto              Lias Andersson           Brady Tkachuk            23     1   2  2  
 4 Quinton Byfield          Dryden Hunt              Zach Parise              10     1   2  2  

5 vs 5 Defense 
   Defense                  Defense                                           Time % Phy DF OF 
 1 Evan Bouchard            Jonathon Merrill                                  36     1   2  2  
 2 Nathan Beaulieu          Chad Ruhwedel                                     31     1   2  2  
 3 Derrick Pouliot          Tucker Poolman                                    23     1   2  2  
 4 Evan Bouchard            Jonathon Merrill                                  10     1   2  2  

PowerPlay Forward 
   Center                   Left Wing                Right Wing               Time % Phy DF OF 
 1 Nicklas Backstrom        Brady Tkachuk            Zach Parise              55     1   2  2  
 2 Derek Grant              Tyler Motte              Corey Perry              45     1   2  2  

PowerPlay Defense
   Defense                  Defense                                           Time % Phy DF OF 
 1 Evan Bouchard            Jonathon Merrill                                  55     1   2  2  
 2 Nathan Beaulieu          Chad Ruhwedel                                     45     1   2  2  

Penalty Kill 4 Players Forward 
   Center                   Wing                     Time % Phy DF OF 
 1 Brady Tkachuk            Zach Parise              55     1   2  2  
 2 Nicklas Backstrom        Derek Grant              45     1   2  2  

Penalty Kill 4 Players Defense
   Defense                  Defense                  Time % Phy DF OF 
 1 Evan Bouchard            Jonathon Merrill         55     1   2  2  
 2 Nathan Beaulieu          Chad Ruhwedel            45     1   2  2  

Penalty Kill - 3 Players Forward 
   Forward                                           Time % Phy DF OF 
 1 Brady Tkachuk                                     55     1   2  2  
 2 Zach Parise                                       45     1   2  2  

Penalty Kill - 3 Players Defense
   Defense                  Defense                  Time % Phy DF OF 
 1 Evan Bouchard            Jonathon Merrill         55     1   2  2  
 2 Nathan Beaulieu          Chad Ruhwedel            45     1   2  2  

4 vs 4 Forward 
   Center                   Wing                     Time % Phy DF OF 
 1 Brady Tkachuk            Zach Parise              55     1   2  2  
 2 Nicklas Backstrom        Derek Grant              45     1   2  2  

4 vs 4 Defense
   Defense                  Defense                  Time % Phy DF OF 
 1 Evan Bouchard            Jonathon Merrill         55     1   2  2  
 2 Nathan Beaulieu          Chad Ruhwedel            45     1   2  2  

Last Minutes Offensive
   Center                   Left Wing                Right Wing               Defense                  Defense                  
   Nicklas Backstrom        Brady Tkachuk            Zach Parise              Evan Bouchard            Jonathon Merrill         

Last Minutes Defensive
   Center                   Left Wing                Right Wing               Defense                  Defense                  
   Nicklas Backstrom        Brady Tkachuk            Zach Parise              Evan Bouchard            Jonathon Merrill         

Goaltenders
Starting : Frederik Andersen        
Backup : Matthew Murray           

Extra Forwards
Normal : Henri Nikkanen, Dominic Toninato, Shane Pinto - PP : Henri Nikkanen, Dominic Toninato - PK : Shane Pinto
Extra Defensemen
Normal : Derrick Pouliot, Tucker Poolman, Nathan Beaulieu - PP : Derrick Pouliot - PK : Tucker Poolman, Nathan Beaulieu
Penalty Shots
Brady Tkachuk, Zach Parise, Nicklas Backstrom, Derek Grant, Shane Pinto
Custom OT Lines Forwards
Brady Tkachuk, Zach Parise, Nicklas Backstrom, Derek Grant, Shane Pinto, Corey Perry, Tyler Motte, Quinton Byfield, Lias Andersson, Henri Nikkanen
Custom OT Lines Defensemen
Evan Bouchard, Jonathon Merrill, Nathan Beaulieu, Chad Ruhwedel, Derrick Pouliot

Scratches
Patrice Bergeron (Healthy), Anthony Cirelli (Upper Body Injury), Rasmus Kupari (Strained Right Elbow Injury)

% Time on Ice - NORTH DAKOTA HAWKS

Lines # - Real PCT - Wanted PCT - Time Play
Normal Forward
1 - 32% - 31% - 15:50
2 - 31% - 31% - 15:25
3 - 23% - 23% - 11:09
4 - 14% - 15% - 6:50
Normal Defense
1 - 41% - 40% - 19:59
2 - 35% - 38% - 17:12
3 - 13% - 12% - 6:20
4 - 12% - 10% - 5:43
PP Forward
1 - 68% - 65% - 0:54
2 - 33% - 35% - 0:26
PP Defense
1 - 68% - 65% - 0:54
2 - 33% - 35% - 0:26
PK Forward
1 - 54% - 55% - 5:06
2 - 46% - 45% - 4:20
PK Defense
1 - 55% - 55% - 5:11
2 - 45% - 45% - 4:15
PK3 Forward
1 - 100% - 55% - 0:29
2 - 0% - 45% - 0:00
PK3 Defense
1 - 100% - 55% - 0:29
2 - 0% - 45% - 0:00
44 Forward
1 - 0% - 55%
2 - 0% - 45%
44 Defense
1 - 0% - 55%
2 - 0% - 45%
Last Minute Offensive  - 0:00
Last Minute Defensive  - 0:00
Total
Forward - 60:29
Defense - 60:29

% Time on Ice - SPOKANE KNIGHTS

Lines # - Real PCT - Wanted PCT - Time Play
Normal Forward
1 - 23% - 36% - 11:29
2 - 33% - 31% - 16:05
3 - 26% - 23% - 12:47
4 - 18% - 10% - 8:53
Normal Defense
1 - 34% - 36% - 16:50
2 - 39% - 31% - 19:25
3 - 23% - 23% - 11:12
4 - 4% - 10% - 1:47
PP Forward
1 - 54% - 55% - 5:07
2 - 46% - 45% - 4:19
PP Defense
1 - 33% - 55% - 3:08
2 - 67% - 45% - 6:18
PK Forward
1 - 45% - 55% - 0:36
2 - 55% - 45% - 0:44
PK Defense
1 - 35% - 55% - 0:28
2 - 65% - 45% - 0:52
PK3 Forward
1 - 0% - 55%
2 - 0% - 45%
PK3 Defense
1 - 0% - 55%
2 - 0% - 45%
44 Forward
1 - 100% - 55% - 0:29
2 - 0% - 45% - 0:00
44 Defense
1 - 100% - 55% - 0:29
2 - 0% - 45% - 0:00
Last Minute Offensive  - 0:00
Last Minute Defensive  - 0:00
Total
Forward - 60:29
Defense - 60:29

Play-by-Play

1st period


0:01 of 1st period - Jack Hughes wins face-off versus Nicklas Backstrom in neutral zone.
0:10 of 1st period - Shot by Jack Hughes.
0:10 of 1st period - Shot Misses the Net.
0:12 of 1st period - Shot by Ryan Hartman.
0:12 of 1st period - Shot Blocked by Jonathon Merrill.
0:18 of 1st period - Shot by Jack Hughes.
0:18 of 1st period - Shot Blocked by Zach Parise.
0:20 of 1st period - Shot by Jack Hughes.
0:20 of 1st period - Stopped by Frederik Andersen without a rebound.
0:21 of 1st period - Nick Suzuki wins face-off versus Derek Grant in SPOKANE KNIGHTS zone.
0:34 of 1st period - Chad Ruhwedel is hit by Jake DeBrusk and loses puck.
0:52 of 1st period - Shot by Nick Suzuki.
0:52 of 1st period - Stopped by Frederik Andersen with a rebound.
1:01 of 1st period - Shot by Jake DeBrusk.
1:01 of 1st period - Deflect By Nick Suzuki.
1:01 of 1st period - Stopped by Frederik Andersen without a rebound.
1:02 of 1st period - Frederick Gaudreau wins face-off versus Shane Pinto in SPOKANE KNIGHTS zone.
1:03 of 1st period - Shot by Dillon Dube.
1:03 of 1st period - Stopped by Frederik Andersen without a rebound.
1:04 of 1st period - Shane Pinto wins face-off versus Frederick Gaudreau in SPOKANE KNIGHTS zone.
1:04 of 1st period - Shane Pinto is hit by Dillon Dube.
1:09 of 1st period - Shane Pinto is hit by Nick Blankenburg and loses puck.
1:22 of 1st period - Shot by Emil Bemstrom.
1:22 of 1st period - Stopped by Frederik Andersen without a rebound.
1:23 of 1st period - Nico Sturm wins face-off versus Quinton Byfield in SPOKANE KNIGHTS zone.
1:40 of 1st period - Shot by Nico Sturm.
1:40 of 1st period - Deflect By Garnet Hathaway.
1:40 of 1st period - Stopped by Frederik Andersen without a rebound.
1:41 of 1st period - Shane Pinto wins face-off versus Jack Hughes in SPOKANE KNIGHTS zone.
1:41 of 1st period - Shane Pinto is hit by Ryan Hartman.
1:42 of 1st period - Minor Penalty to Ryan Hartman for Tripping.
1:43 of 1st period - Nicklas Backstrom wins face-off versus Nico Sturm in NORTH DAKOTA HAWKS zone.
2:10 of 1st period - Zach Parise is hit by Dillon Dube and loses puck.
2:30 of 1st period - Icing by Jonathon Merrill.
2:31 of 1st period - Frederick Gaudreau wins face-off versus Nicklas Backstrom in SPOKANE KNIGHTS zone.
3:02 of 1st period - Shot by Derek Grant.
3:02 of 1st period - Shot Misses the Net.
3:04 of 1st period - Shot by Nathan Beaulieu.
3:04 of 1st period - Deflect By Derek Grant.
3:04 of 1st period - Stopped by Linus Ullmark without a rebound.
3:05 of 1st period - Frederick Gaudreau wins face-off versus Derek Grant in NORTH DAKOTA HAWKS zone.
3:19 of 1st period - Shot by Tyler Motte.
3:19 of 1st period - Shot Misses the Net.
3:21 of 1st period - Shot by Tyler Motte.
3:21 of 1st period - Shot Blocked by Jonas Siegenthaler.
3:23 of 1st period - Shot by Chad Ruhwedel.
3:23 of 1st period - Shot Misses the Net.
3:25 of 1st period - Shot by Chad Ruhwedel.
3:25 of 1st period - Shot Blocked by Jonas Siegenthaler.
3:27 of 1st period - Shot by Tyler Motte.
3:27 of 1st period - Shot Misses the Net.
3:48 of 1st period - Shot by Shane Pinto.
3:48 of 1st period - Stopped by Linus Ullmark with a rebound.
4:44 of 1st period - Shot by Jake DeBrusk.
4:44 of 1st period - Stopped by Frederik Andersen without a rebound.
4:45 of 1st period - Zach Parise wins face-off versus Frederick Gaudreau in SPOKANE KNIGHTS zone.
5:11 of 1st period - Icing by Emil Bemstrom.
5:12 of 1st period - Derek Grant wins face-off versus Frederick Gaudreau in NORTH DAKOTA HAWKS zone.
6:03 of 1st period - Shot by Nick Suzuki.
6:03 of 1st period - Deflect By Reyley Smith.
6:03 of 1st period - Shot Blocked by Tyler Motte.
6:05 of 1st period - Shot by Nick Suzuki.
6:05 of 1st period - Goal by Nick Suzuki - NORTH DAKOTA HAWKS : 1 - SPOKANE KNIGHTS : 0.
6:06 of 1st period - Nicklas Backstrom wins face-off versus Jack Hughes in neutral zone.
6:17 of 1st period - Ryan Lindgren is hit by Brady Tkachuk and loses puck.
6:44 of 1st period - Shot by Zach Parise.
6:44 of 1st period - Stopped by Linus Ullmark without a rebound.
6:45 of 1st period - Nico Sturm wins face-off versus Shane Pinto in NORTH DAKOTA HAWKS zone.
6:45 of 1st period - Nico Sturm is hit by Brady Tkachuk.
7:44 of 1st period - Shot by Nick Suzuki.
7:44 of 1st period - Deflect By Jake DeBrusk.
7:44 of 1st period - Stopped by Frederik Andersen without a rebound.
7:45 of 1st period - Derek Grant wins face-off versus Jack Hughes in SPOKANE KNIGHTS zone.
8:11 of 1st period - Shot by Tyler Motte.
8:11 of 1st period - Stopped by Linus Ullmark without a rebound.
8:12 of 1st period - Quinton Byfield wins face-off versus Nick Suzuki in NORTH DAKOTA HAWKS zone.
8:19 of 1st period - Shot by Quinton Byfield.
8:19 of 1st period - Stopped by Linus Ullmark with a rebound.
8:29 of 1st period - Shot by Reyley Smith.
8:29 of 1st period - Shot Misses the Net.
8:31 of 1st period - Shot by Nick Suzuki.
8:31 of 1st period - Stopped by Frederik Andersen without a rebound.
8:32 of 1st period - Frederick Gaudreau wins face-off versus Derek Grant in SPOKANE KNIGHTS zone.
8:35 of 1st period - Shot by Nick Blankenburg.
8:35 of 1st period - Stopped by Frederik Andersen with a rebound.
8:37 of 1st period - Shot by Dillon Dube.
8:37 of 1st period - Shot Misses the Net.
8:39 of 1st period - Shot by Frederick Gaudreau.
8:39 of 1st period - Deflect By Dillon Dube.
8:39 of 1st period - Shot Misses the Net.
8:50 of 1st period - Emil Bemstrom is hit by Jonathon Merrill and loses puck.
8:53 of 1st period - Shot by Dillon Dube.
8:53 of 1st period - Stopped by Frederik Andersen with a rebound.
9:07 of 1st period - Shot by Emil Bemstrom.
9:07 of 1st period - Shot Blocked by Evan Bouchard.
9:09 of 1st period - Shot by Mathew Dumba.
9:09 of 1st period - Stopped by Frederik Andersen without a rebound.
9:10 of 1st period - Nick Suzuki wins face-off versus Nicklas Backstrom in SPOKANE KNIGHTS zone.
9:43 of 1st period - Shot by Nick Suzuki.
9:43 of 1st period - Shot Misses the Net.
9:49 of 1st period - Shot by Nick Suzuki.
9:49 of 1st period - Stopped by Frederik Andersen with a rebound.
10:37 of 1st period - Shot by Derek Grant.
10:37 of 1st period - Shot Misses the Net.
10:39 of 1st period - Shot by Tucker Poolman.
10:39 of 1st period - Deflect By Derek Grant.
10:39 of 1st period - Shot Misses the Net.
10:41 of 1st period - Shot by Tyler Motte.
10:41 of 1st period - Stopped by Linus Ullmark with a rebound.
10:43 of 1st period - Shot by Derek Grant.
10:43 of 1st period - Shot Misses the Net.
11:00 of 1st period - Icing by Evan Bouchard.
11:01 of 1st period - Nico Sturm wins face-off versus Shane Pinto in SPOKANE KNIGHTS zone.
12:42 of 1st period - Off-side.
12:43 of 1st period - Derek Grant wins face-off versus Frederick Gaudreau in neutral zone.
13:00 of 1st period - Shot by Tyler Motte.
13:00 of 1st period - Stopped by Linus Ullmark without a rebound.
13:01 of 1st period - Derek Grant wins face-off versus Jack Hughes in NORTH DAKOTA HAWKS zone.
13:02 of 1st period - Shot by Tyler Motte.
13:02 of 1st period - Stopped by Linus Ullmark with a rebound.
13:04 of 1st period - Shot by Nathan Beaulieu.
13:04 of 1st period - Shot Blocked by Ryan Hartman.
13:06 of 1st period - Shot by Derek Grant.
13:06 of 1st period - Shot Misses the Net.
13:43 of 1st period - Shot by Jason Robertson.
13:43 of 1st period - Stopped by Frederik Andersen with a rebound.
14:11 of 1st period - Shot by Frederick Gaudreau.
14:11 of 1st period - Stopped by Frederik Andersen without a rebound.
14:12 of 1st period - Frederick Gaudreau wins face-off versus Shane Pinto in SPOKANE KNIGHTS zone.
14:15 of 1st period - Shot by Dillon Dube.
14:15 of 1st period - Stopped by Frederik Andersen with a rebound.
14:17 of 1st period - Shot by Jonas Siegenthaler.
14:17 of 1st period - Shot Misses the Net.
14:41 of 1st period - Shot by Cale Makar.
14:41 of 1st period - Stopped by Frederik Andersen without a rebound.
14:42 of 1st period - Nick Suzuki wins face-off versus Quinton Byfield in SPOKANE KNIGHTS zone.
14:43 of 1st period - Shot by Reyley Smith.
14:43 of 1st period - Stopped by Frederik Andersen without a rebound.
14:44 of 1st period - Nick Suzuki wins face-off versus Quinton Byfield in SPOKANE KNIGHTS zone.
14:53 of 1st period - Shot by Nick Suzuki.
14:53 of 1st period - Shot Blocked by Tucker Poolman.
14:55 of 1st period - Shot by Jake DeBrusk.
14:55 of 1st period - Stopped by Frederik Andersen without a rebound.
14:56 of 1st period - Nico Sturm wins face-off versus Nicklas Backstrom in SPOKANE KNIGHTS zone.
15:19 of 1st period - Shot by Nicklas Backstrom.
15:19 of 1st period - Shot Misses the Net.
15:21 of 1st period - Shot by Zach Parise.
15:21 of 1st period - Shot Hit the Post.
15:23 of 1st period - Shot by Zach Parise.
15:23 of 1st period - Shot Blocked by Cale Makar.
15:25 of 1st period - Shot by Jonathon Merrill.
15:25 of 1st period - Shot Blocked by Jonas Siegenthaler.
15:32 of 1st period - Minor Penalty to Jonas Siegenthaler for Roughing.
15:33 of 1st period - Derek Grant wins face-off versus Frederick Gaudreau in NORTH DAKOTA HAWKS zone.
15:39 of 1st period - Shot by Tyler Motte.
15:39 of 1st period - Stopped by Linus Ullmark with a rebound.
15:41 of 1st period - Shot by Chad Ruhwedel.
15:41 of 1st period - Stopped by Linus Ullmark without a rebound.
15:42 of 1st period - Nico Sturm wins face-off versus Derek Grant in NORTH DAKOTA HAWKS zone.
15:51 of 1st period - Nico Sturm is hit by Corey Perry.
16:03 of 1st period - Shot by Tyler Motte.
16:03 of 1st period - Shot Misses the Net.
16:05 of 1st period - Shot by Chad Ruhwedel.
16:05 of 1st period - Stopped by Linus Ullmark without a rebound.
16:06 of 1st period - Nicklas Backstrom wins face-off versus Frederick Gaudreau in NORTH DAKOTA HAWKS zone.
16:31 of 1st period - Shot by Nicklas Backstrom.
16:31 of 1st period - Stopped by Linus Ullmark without a rebound.
16:32 of 1st period - Derek Grant wins face-off versus Nico Sturm in NORTH DAKOTA HAWKS zone.
17:21 of 1st period - Off-side.
17:22 of 1st period - Nicklas Backstrom wins face-off versus Nico Sturm in neutral zone.
17:40 of 1st period - Icing by Jake DeBrusk.
17:41 of 1st period - Quinton Byfield wins face-off versus Nick Suzuki in NORTH DAKOTA HAWKS zone.
17:46 of 1st period - Icing by Cale Makar.
17:47 of 1st period - Nicklas Backstrom wins face-off versus Nick Suzuki in NORTH DAKOTA HAWKS zone.
18:07 of 1st period - Icing by Cale Makar.
18:08 of 1st period - Derek Grant wins face-off versus Nick Suzuki in NORTH DAKOTA HAWKS zone.
18:08 of 1st period - Derek Grant is hit by Jonas Siegenthaler.
18:53 of 1st period - Chad Ruhwedel is hit by Ryan Hartman and loses puck.
18:54 of 1st period - Chad Ruhwedel from SPOKANE KNIGHTS is injured at 18:54 of 1st period (Strained Right Elbow).
18:55 of 1st period - Jack Hughes wins face-off versus Brady Tkachuk in SPOKANE KNIGHTS zone.
19:05 of 1st period - Icing by Evan Bouchard.
19:06 of 1st period - Nicklas Backstrom wins face-off versus Frederick Gaudreau in SPOKANE KNIGHTS zone.
19:33 of 1st period - Shot by Brady Tkachuk.
19:33 of 1st period - Shot Misses the Net.
19:35 of 1st period - Shot by Zach Parise.
19:35 of 1st period - Stopped by Linus Ullmark without a rebound.
19:36 of 1st period - Jack Hughes wins face-off versus Derek Grant in NORTH DAKOTA HAWKS zone.
19:41 of 1st period - Shot by Jason Robertson.
19:41 of 1st period - Deflect By Jack Hughes.
19:41 of 1st period - Shot Misses the Net.
19:43 of 1st period - Shot by Jason Robertson.
19:43 of 1st period - Stopped by Frederik Andersen without a rebound.
19:44 of 1st period - Shane Pinto wins face-off versus Jack Hughes in SPOKANE KNIGHTS zone.
Goals for this period are 1 for NORTH DAKOTA HAWKS vs 0 for SPOKANE KNIGHTS.
Shots for this period are 21 for NORTH DAKOTA HAWKS vs 13 for SPOKANE KNIGHTS.

2nd period


0:01 of 2nd period - Nicklas Backstrom wins face-off versus Jack Hughes in neutral zone.
0:05 of 2nd period - Zach Parise is hit by Ryan Lindgren.
0:19 of 2nd period - Nicklas Backstrom is hit by Erik Johnson.
0:22 of 2nd period - Icing by Ryan Lindgren.
0:23 of 2nd period - Derek Grant wins face-off versus Jack Hughes in NORTH DAKOTA HAWKS zone.
0:26 of 2nd period - Shot by Tyler Motte.
0:26 of 2nd period - Stopped by Linus Ullmark with a rebound.
1:48 of 2nd period - Shot by Zach Parise.
1:48 of 2nd period - Stopped by Linus Ullmark with a rebound.
2:15 of 2nd period - Icing by Shane Pinto.
2:16 of 2nd period - Shane Pinto wins face-off versus Nick Suzuki in SPOKANE KNIGHTS zone.
2:30 of 2nd period - Nick Suzuki is hit by Tucker Poolman and loses puck.
2:36 of 2nd period - Icing by Derrick Pouliot.
2:37 of 2nd period - Jack Hughes wins face-off versus Shane Pinto in SPOKANE KNIGHTS zone.
3:06 of 2nd period - Shot by Jack Hughes.
3:06 of 2nd period - Deflect By Jason Robertson.
3:06 of 2nd period - Stopped by Frederik Andersen without a rebound.
3:07 of 2nd period - Nick Suzuki wins face-off versus Nicklas Backstrom in SPOKANE KNIGHTS zone.
3:14 of 2nd period - Shot by Jake DeBrusk.
3:14 of 2nd period - Shot Misses the Net.
3:22 of 2nd period - Shot by Brady Tkachuk.
3:22 of 2nd period - Shot Misses the Net.
3:44 of 2nd period - Shot by Zach Parise.
3:44 of 2nd period - Shot Misses the Net.
3:46 of 2nd period - Shot by Nicklas Backstrom.
3:46 of 2nd period - Goal by Nicklas Backstrom - NORTH DAKOTA HAWKS : 1 - SPOKANE KNIGHTS : 1.
3:47 of 2nd period - Derek Grant wins face-off versus Nico Sturm in neutral zone.
3:49 of 2nd period - Jonathon Merrill is hit by Garnet Hathaway and loses puck.
4:14 of 2nd period - Tyler Motte is hit by Nathan Walker and loses puck.
4:21 of 2nd period - Shot by Erik Johnson.
4:21 of 2nd period - Stopped by Frederik Andersen with a rebound.
5:02 of 2nd period - Icing by Ryan Hartman.
5:03 of 2nd period - Brady Tkachuk wins face-off versus Jack Hughes in NORTH DAKOTA HAWKS zone.
5:03 of 2nd period - Zach Parise is hit by Cale Makar and loses puck.
5:09 of 2nd period - Nicklas Backstrom is hit by Cale Makar and loses puck.
5:15 of 2nd period - Icing by Jonas Siegenthaler.
5:16 of 2nd period - Shane Pinto wins face-off versus Jack Hughes in NORTH DAKOTA HAWKS zone.
5:18 of 2nd period - Brady Tkachuk is hit by Cale Makar and loses puck.
5:44 of 2nd period - Minor Penalty to Jonas Siegenthaler for Goalie Interference.
5:45 of 2nd period - Nicklas Backstrom wins face-off versus Garnet Hathaway in NORTH DAKOTA HAWKS zone.
5:46 of 2nd period - Shot by Brady Tkachuk.
5:46 of 2nd period - Shot Misses the Net.
5:48 of 2nd period - Shot by Nicklas Backstrom.
5:48 of 2nd period - Shot Misses the Net.
5:50 of 2nd period - Shot by Nicklas Backstrom.
5:50 of 2nd period - Stopped by Linus Ullmark without a rebound.
5:51 of 2nd period - Nicklas Backstrom wins face-off versus Nico Sturm in NORTH DAKOTA HAWKS zone.
6:30 of 2nd period - Shot by Tyler Motte.
6:30 of 2nd period - Stopped by Linus Ullmark without a rebound.
6:31 of 2nd period - Derek Grant wins face-off versus Frederick Gaudreau in NORTH DAKOTA HAWKS zone.
7:14 of 2nd period - Off-side.
7:15 of 2nd period - Nico Sturm wins face-off versus Nicklas Backstrom in neutral zone.
7:48 of 2nd period - Shot by Zach Parise.
7:48 of 2nd period - Stopped by Linus Ullmark without a rebound.
7:49 of 2nd period - Nick Suzuki wins face-off versus Derek Grant in NORTH DAKOTA HAWKS zone.
8:08 of 2nd period - Minor Penalty to Reyley Smith for Hooking.
8:09 of 2nd period - Nico Sturm wins face-off versus Nicklas Backstrom in NORTH DAKOTA HAWKS zone.
8:09 of 2nd period - Nico Sturm is hit by Brady Tkachuk.
9:09 of 2nd period - Shot by Nico Sturm.
9:09 of 2nd period - Shot Misses the Net.
9:15 of 2nd period - Shot by Nico Sturm.
9:15 of 2nd period - Stopped by Frederik Andersen without a rebound.
9:16 of 2nd period - Nicklas Backstrom wins face-off versus Frederick Gaudreau in SPOKANE KNIGHTS zone.
9:21 of 2nd period - Ryan Lindgren is hit by Brady Tkachuk and loses puck.
10:47 of 2nd period - Quinton Byfield is hit by Jake DeBrusk and loses puck.
11:02 of 2nd period - Shot by Jack Hughes.
11:02 of 2nd period - Stopped by Frederik Andersen with a rebound.
11:26 of 2nd period - Shot by Jason Robertson.
11:26 of 2nd period - Shot Blocked by Derrick Pouliot.
11:28 of 2nd period - Shot by Ryan Lindgren.
11:28 of 2nd period - Stopped by Frederik Andersen with a rebound.
11:30 of 2nd period - Shot by Erik Johnson.
11:30 of 2nd period - Stopped by Frederik Andersen without a rebound.
11:31 of 2nd period - Derek Grant wins face-off versus Emil Bemstrom in SPOKANE KNIGHTS zone.
11:31 of 2nd period - Derek Grant is hit by Dillon Dube.
11:54 of 2nd period - Tyler Motte is hit by Mathew Dumba and loses puck.
12:32 of 2nd period - Shot by Nick Suzuki.
12:32 of 2nd period - Shot Misses the Net.
12:34 of 2nd period - Shot by Nick Suzuki.
12:34 of 2nd period - Shot Blocked by Brady Tkachuk.
12:36 of 2nd period - Shot by Erik Johnson.
12:36 of 2nd period - Stopped by Frederik Andersen without a rebound.
12:37 of 2nd period - Derek Grant wins face-off versus Jack Hughes in SPOKANE KNIGHTS zone.
13:51 of 2nd period - Shot by Brady Tkachuk.
13:51 of 2nd period - Stopped by Linus Ullmark without a rebound.
13:52 of 2nd period - Frederick Gaudreau wins face-off versus Nicklas Backstrom in NORTH DAKOTA HAWKS zone.
13:52 of 2nd period - Frederick Gaudreau is hit by Brady Tkachuk.
13:57 of 2nd period - Off-side.
13:58 of 2nd period - Nicklas Backstrom wins face-off versus Frederick Gaudreau in neutral zone.
14:03 of 2nd period - Shot by Brady Tkachuk.
14:03 of 2nd period - Stopped by Linus Ullmark with a rebound.
14:27 of 2nd period - Evan Bouchard is hit by Dillon Dube and loses puck.
14:32 of 2nd period - Shot by Dillon Dube.
14:32 of 2nd period - Stopped by Frederik Andersen with a rebound.
14:37 of 2nd period - Icing by Evan Bouchard.
14:38 of 2nd period - Nicklas Backstrom wins face-off versus Jake DeBrusk in SPOKANE KNIGHTS zone.
15:32 of 2nd period - Icing by Jonas Siegenthaler.
15:33 of 2nd period - Derek Grant wins face-off versus Nick Suzuki in NORTH DAKOTA HAWKS zone.
15:38 of 2nd period - Shot by Corey Perry.
15:38 of 2nd period - Stopped by Linus Ullmark without a rebound.
15:39 of 2nd period - Nico Sturm wins face-off versus Quinton Byfield in NORTH DAKOTA HAWKS zone.
15:52 of 2nd period - Shot by Garnet Hathaway.
15:52 of 2nd period - Stopped by Frederik Andersen without a rebound.
15:53 of 2nd period - Derek Grant wins face-off versus Emil Bemstrom in SPOKANE KNIGHTS zone.
15:53 of 2nd period - Tyler Motte is hit by Dillon Dube and loses puck.
15:58 of 2nd period - Shot by Dillon Dube.
15:58 of 2nd period - Stopped by Frederik Andersen without a rebound.
15:59 of 2nd period - Derek Grant wins face-off versus Nico Sturm in SPOKANE KNIGHTS zone.
15:59 of 2nd period - Derek Grant is hit by Nathan Walker.
16:05 of 2nd period - Garnet Hathaway is hit by Tyler Motte and loses puck.
16:09 of 2nd period - Icing by Erik Johnson.
16:10 of 2nd period - Nico Sturm wins face-off versus Quinton Byfield in NORTH DAKOTA HAWKS zone.
16:10 of 2nd period - Nico Sturm is hit by Dryden Hunt.
16:15 of 2nd period - Nathan Walker is hit by Dryden Hunt and loses puck.
16:44 of 2nd period - Shot by Nico Sturm.
16:44 of 2nd period - Stopped by Frederik Andersen with a rebound.
17:31 of 2nd period - Shot by Jason Robertson.
17:31 of 2nd period - Deflect By Jack Hughes.
17:31 of 2nd period - Shot Misses the Net.
18:21 of 2nd period - Shot by Nick Suzuki.
18:21 of 2nd period - Shot Blocked by Shane Pinto.
19:10 of 2nd period - Icing by Frederick Gaudreau.
19:11 of 2nd period - Quinton Byfield wins face-off versus Dillon Dube in NORTH DAKOTA HAWKS zone.
19:21 of 2nd period - Zach Parise is hit by Ryan Lindgren and loses puck.
19:24 of 2nd period - Shot by Zach Parise.
19:24 of 2nd period - Shot Blocked by Dillon Dube.
19:30 of 2nd period - Shot by Zach Parise.
19:30 of 2nd period - Shot Hit the Post.
Goals for this period are 0 for NORTH DAKOTA HAWKS vs 1 for SPOKANE KNIGHTS.
Shots for this period are 11 for NORTH DAKOTA HAWKS vs 9 for SPOKANE KNIGHTS.

3rd period


0:01 of 3rd period - Nicklas Backstrom wins face-off versus Jack Hughes in neutral zone.
0:08 of 3rd period - Shot by Zach Parise.
0:08 of 3rd period - Deflect By Brady Tkachuk.
0:08 of 3rd period - Stopped by Linus Ullmark with a rebound.
0:10 of 3rd period - Shot by Evan Bouchard.
0:10 of 3rd period - Stopped by Linus Ullmark without a rebound.
0:11 of 3rd period - Nick Suzuki wins face-off versus Nicklas Backstrom in NORTH DAKOTA HAWKS zone.
0:11 of 3rd period - Nick Suzuki is hit by Brady Tkachuk.
0:34 of 3rd period - Jake DeBrusk is hit by Tucker Poolman and loses puck.
0:39 of 3rd period - Shot by Reyley Smith.
0:39 of 3rd period - Shot Misses the Net.
0:58 of 3rd period - Jake DeBrusk is hit by Derrick Pouliot and loses puck.
1:11 of 3rd period - Icing by Jack Hughes.
1:12 of 3rd period - Jason Robertson wins face-off versus Derek Grant in NORTH DAKOTA HAWKS zone.
1:39 of 3rd period - Shot by Ryan Hartman.
1:39 of 3rd period - Stopped by Frederik Andersen without a rebound.
1:40 of 3rd period - Shane Pinto wins face-off versus Frederick Gaudreau in SPOKANE KNIGHTS zone.
1:44 of 3rd period - Icing by Brady Tkachuk.
1:45 of 3rd period - Shane Pinto wins face-off versus Frederick Gaudreau in SPOKANE KNIGHTS zone.
1:45 of 3rd period - Shane Pinto is hit by Emil Bemstrom.
2:34 of 3rd period - Icing by Frederick Gaudreau.
2:35 of 3rd period - Emil Bemstrom wins face-off versus Quinton Byfield in NORTH DAKOTA HAWKS zone.
2:48 of 3rd period - Jonathon Merrill is hit by Ryan Hartman and loses puck.
3:03 of 3rd period - Shot by Jason Robertson.
3:03 of 3rd period - Shot Misses the Net.
3:21 of 3rd period - Shot by Jack Hughes.
3:21 of 3rd period - Shot Misses the Net.
3:36 of 3rd period - Quinton Byfield is hit by Nick Suzuki and loses puck.
4:32 of 3rd period - Shot by Nico Sturm.
4:32 of 3rd period - Stopped by Frederik Andersen without a rebound.
4:33 of 3rd period - Frederick Gaudreau wins face-off versus Derek Grant in SPOKANE KNIGHTS zone.
4:40 of 3rd period - Shot by Dillon Dube.
4:40 of 3rd period - Shot Blocked by Derek Grant.
5:08 of 3rd period - Icing by Tyler Motte.
5:09 of 3rd period - Nathan Walker wins face-off versus Derek Grant in SPOKANE KNIGHTS zone.
5:10 of 3rd period - Shot by Nico Sturm.
5:10 of 3rd period - Stopped by Frederik Andersen without a rebound.
5:11 of 3rd period - Shane Pinto wins face-off versus Nico Sturm in SPOKANE KNIGHTS zone.
5:11 of 3rd period - Shane Pinto is hit by Garnet Hathaway.
5:22 of 3rd period - Shot by Shane Pinto.
5:22 of 3rd period - Stopped by Linus Ullmark without a rebound.
5:23 of 3rd period - Shane Pinto wins face-off versus Jack Hughes in NORTH DAKOTA HAWKS zone.
5:33 of 3rd period - Icing by Cale Makar.
5:34 of 3rd period - Jack Hughes wins face-off versus Derek Grant in NORTH DAKOTA HAWKS zone.
5:34 of 3rd period - Jack Hughes is hit by Derek Grant.
6:04 of 3rd period - Icing by Nathan Beaulieu.
6:05 of 3rd period - Derek Grant wins face-off versus Jake DeBrusk in SPOKANE KNIGHTS zone.
6:16 of 3rd period - Shot by Derek Grant.
6:16 of 3rd period - Deflect By Corey Perry.
6:16 of 3rd period - Stopped by Linus Ullmark without a rebound.
6:17 of 3rd period - Nicklas Backstrom wins face-off versus Nico Sturm in NORTH DAKOTA HAWKS zone.
6:22 of 3rd period - Shot by Zach Parise.
6:22 of 3rd period - Stopped by Linus Ullmark without a rebound.
6:23 of 3rd period - Nico Sturm wins face-off versus Nicklas Backstrom in NORTH DAKOTA HAWKS zone.
6:27 of 3rd period - Off-side.
6:28 of 3rd period - Brady Tkachuk wins face-off versus Nick Suzuki in neutral zone.
6:37 of 3rd period - Shot by Nicklas Backstrom.
6:37 of 3rd period - Goal by Nicklas Backstrom - NORTH DAKOTA HAWKS : 1 - SPOKANE KNIGHTS : 2.
6:38 of 3rd period - Nico Sturm wins face-off versus Nicklas Backstrom in neutral zone.
6:46 of 3rd period - Cale Makar is hit by Brady Tkachuk and loses puck.
7:01 of 3rd period - Shot by Nicklas Backstrom.
7:01 of 3rd period - Shot Misses the Net.
7:09 of 3rd period - Shot by Zach Parise.
7:09 of 3rd period - Shot Blocked by Cale Makar.
8:39 of 3rd period - Icing by Shane Pinto.
8:40 of 3rd period - Shane Pinto wins face-off versus Jack Hughes in SPOKANE KNIGHTS zone.
9:14 of 3rd period - Minor Penalty to Evan Bouchard for Hooking.
9:15 of 3rd period - Nick Suzuki wins face-off versus Nicklas Backstrom in SPOKANE KNIGHTS zone.
9:34 of 3rd period - Shot by Reyley Smith.
9:34 of 3rd period - Stopped by Frederik Andersen with a rebound.
9:40 of 3rd period - Shot by Jake DeBrusk.
9:40 of 3rd period - Stopped by Frederik Andersen without a rebound.
9:41 of 3rd period - Frederick Gaudreau wins face-off versus Brady Tkachuk in SPOKANE KNIGHTS zone.
9:42 of 3rd period - Shot by Jack Hughes.
9:42 of 3rd period - Stopped by Frederik Andersen with a rebound.
9:54 of 3rd period - Shot by Jack Hughes.
9:54 of 3rd period - Shot Misses the Net.
9:56 of 3rd period - Shot by Jason Robertson.
9:56 of 3rd period - Shot Blocked by Nathan Beaulieu.
9:58 of 3rd period - Shot by Ryan Hartman.
9:58 of 3rd period - Shot Misses the Net.
10:06 of 3rd period - Shot by Frederick Gaudreau.
10:06 of 3rd period - Deflect By Jason Robertson.
10:06 of 3rd period - Stopped by Frederik Andersen without a rebound.
10:07 of 3rd period - Nick Suzuki wins face-off versus Brady Tkachuk in SPOKANE KNIGHTS zone.
10:08 of 3rd period - Shot by Reyley Smith.
10:08 of 3rd period - Shot Misses the Net.
10:34 of 3rd period - Shot by Cale Makar.
10:34 of 3rd period - Goal by Cale Makar - NORTH DAKOTA HAWKS : 2 - SPOKANE KNIGHTS : 2.
10:35 of 3rd period - Derek Grant wins face-off versus Jack Hughes in neutral zone.
11:10 of 3rd period - Jack Hughes is hit by Evan Bouchard and loses puck.
11:58 of 3rd period - Shot by Nicklas Backstrom.
11:58 of 3rd period - Stopped by Linus Ullmark without a rebound.
11:59 of 3rd period - Shane Pinto wins face-off versus Frederick Gaudreau in NORTH DAKOTA HAWKS zone.
12:16 of 3rd period - Icing by Derrick Pouliot.
12:17 of 3rd period - Shane Pinto wins face-off versus Nathan Walker in SPOKANE KNIGHTS zone.
12:26 of 3rd period - Shot by Shane Pinto.
12:26 of 3rd period - Shot Misses the Net.
12:28 of 3rd period - Shot by Nathan Beaulieu.
12:28 of 3rd period - Stopped by Linus Ullmark without a rebound.
12:29 of 3rd period - Nick Suzuki wins face-off versus Quinton Byfield in NORTH DAKOTA HAWKS zone.
12:59 of 3rd period - Icing by Cale Makar.
13:00 of 3rd period - Nick Suzuki wins face-off versus Shane Pinto in NORTH DAKOTA HAWKS zone.
13:00 of 3rd period - Cale Makar is hit by Brady Tkachuk.
13:31 of 3rd period - Cale Makar is hit by Derrick Pouliot.
14:00 of 3rd period - Shot by Dillon Dube.
14:00 of 3rd period - Stopped by Frederik Andersen with a rebound.
14:34 of 3rd period - Shot by Derek Grant.
14:34 of 3rd period - Stopped by Linus Ullmark without a rebound.
14:35 of 3rd period - Quinton Byfield wins face-off versus Jack Hughes in NORTH DAKOTA HAWKS zone.
14:36 of 3rd period - Shot by Zach Parise.
14:36 of 3rd period - Deflect By Quinton Byfield.
14:36 of 3rd period - Stopped by Linus Ullmark with a rebound.
14:50 of 3rd period - Shot by Zach Parise.
14:50 of 3rd period - Shot Blocked by Jason Robertson.
14:52 of 3rd period - Shot by Zach Parise.
14:52 of 3rd period - Shot Misses the Net.
14:54 of 3rd period - Shot by Evan Bouchard.
14:54 of 3rd period - Shot Misses the Net.
15:05 of 3rd period - Icing by Ryan Hartman.
15:06 of 3rd period - Derek Grant wins face-off versus Jack Hughes in NORTH DAKOTA HAWKS zone.
15:09 of 3rd period - Shot by Derek Grant.
15:09 of 3rd period - Stopped by Linus Ullmark without a rebound.
15:10 of 3rd period - Derek Grant wins face-off versus Nick Suzuki in NORTH DAKOTA HAWKS zone.
15:15 of 3rd period - Shot by Derek Grant.
15:15 of 3rd period - Stopped by Linus Ullmark without a rebound.
15:16 of 3rd period - Nicklas Backstrom wins face-off versus Nick Suzuki in NORTH DAKOTA HAWKS zone.
15:38 of 3rd period - Icing by Reyley Smith.
15:39 of 3rd period - Nick Suzuki wins face-off versus Derek Grant in NORTH DAKOTA HAWKS zone.
15:54 of 3rd period - Shot by Nick Suzuki.
15:54 of 3rd period - Shot Misses the Net.
15:56 of 3rd period - Shot by Nick Suzuki.
15:56 of 3rd period - Stopped by Frederik Andersen without a rebound.
15:57 of 3rd period - Nicklas Backstrom wins face-off versus Frederick Gaudreau in SPOKANE KNIGHTS zone.
16:05 of 3rd period - Jonas Siegenthaler is hit by Jonathon Merrill and loses puck.
16:24 of 3rd period - Icing by Cale Makar.
16:25 of 3rd period - Derek Grant wins face-off versus Frederick Gaudreau in NORTH DAKOTA HAWKS zone.
16:59 of 3rd period - Shot by Derek Grant.
16:59 of 3rd period - Shot Misses the Net.
17:01 of 3rd period - Shot by Tyler Motte.
17:01 of 3rd period - Shot Misses the Net.
17:03 of 3rd period - Shot by Tucker Poolman.
17:03 of 3rd period - Deflect By Corey Perry.
17:03 of 3rd period - Shot Blocked by Erik Johnson.
17:35 of 3rd period - Shot by Brady Tkachuk.
17:35 of 3rd period - Shot Misses the Net.
18:03 of 3rd period - Shot by Shane Pinto.
18:03 of 3rd period - Deflect By Brady Tkachuk.
18:03 of 3rd period - Shot Misses the Net.
18:11 of 3rd period - Shot by Brady Tkachuk.
18:11 of 3rd period - Stopped by Linus Ullmark without a rebound.
18:12 of 3rd period - Nick Suzuki wins face-off versus Quinton Byfield in NORTH DAKOTA HAWKS zone.
18:29 of 3rd period - Minor Penalty to Reyley Smith for Tripping.
18:30 of 3rd period - Derek Grant wins face-off versus Garnet Hathaway in NORTH DAKOTA HAWKS zone.
19:20 of 3rd period - Shot by Zach Parise.
19:20 of 3rd period - Stopped by Linus Ullmark without a rebound.
19:21 of 3rd period - Nicklas Backstrom wins face-off versus Frederick Gaudreau in NORTH DAKOTA HAWKS zone.
19:24 of 3rd period - Shot by Zach Parise.
19:24 of 3rd period - Shot Misses the Net.
Goals for this period are 1 for NORTH DAKOTA HAWKS vs 1 for SPOKANE KNIGHTS.
Shots for this period are 10 for NORTH DAKOTA HAWKS vs 14 for SPOKANE KNIGHTS.

Overtime #1


0:01 of 1st overtime period - Brady Tkachuk wins face-off versus Nico Sturm in neutral zone.
0:03 of 1st overtime period - Off-side.
0:04 of 1st overtime period - Brady Tkachuk wins face-off versus Nico Sturm in neutral zone.
0:31 of 1st overtime period - Shot by Brady Tkachuk.
0:31 of 1st overtime period - Stopped by Linus Ullmark with a rebound.
0:37 of 1st overtime period - Shot by Nick Suzuki.
0:37 of 1st overtime period - Shot Blocked by Nathan Beaulieu.
0:47 of 1st overtime period - Shot by Jason Robertson.
0:47 of 1st overtime period - Shot Misses the Net.
1:02 of 1st overtime period - Off-side.
1:03 of 1st overtime period - Brady Tkachuk wins face-off versus Nick Suzuki in neutral zone.
1:32 of 1st overtime period - Shot by Brady Tkachuk.
1:32 of 1st overtime period - Stopped by Linus Ullmark with a rebound.
1:34 of 1st overtime period - Shot by Zach Parise.
1:34 of 1st overtime period - Stopped by Linus Ullmark with a rebound.
1:36 of 1st overtime period - Shot by Evan Bouchard.
1:36 of 1st overtime period - Shot Misses the Net.
1:58 of 1st overtime period - Shot by Derek Grant.
1:58 of 1st overtime period - Stopped by Linus Ullmark without a rebound.
1:59 of 1st overtime period - Ryan Hartman wins face-off versus Derek Grant in NORTH DAKOTA HAWKS zone.
2:19 of 1st overtime period - Shot by Jake DeBrusk.
2:19 of 1st overtime period - Shot Misses the Net.
2:36 of 1st overtime period - Shot by Ryan Hartman.
2:36 of 1st overtime period - Goal by Ryan Hartman - NORTH DAKOTA HAWKS : 3 - SPOKANE KNIGHTS : 2.
Goals for this period are 1 for NORTH DAKOTA HAWKS vs 0 for SPOKANE KNIGHTS.
Shots for this period are 1 for NORTH DAKOTA HAWKS vs 4 for SPOKANE KNIGHTS.


BLAKE
WHEELER
STEVEN
STAMKOS
DREW
DOUGHTY

EAST COAST

HOCKEY LEAGUE

  • 63.RHI2PIT5
  • 64.WOR4ATL3
  • 65.QUECHW
  • 66.CHATRV